 Dungeon Crawl Stone Soup version 0.18-a0-898-g3bb3c97 (webtiles) character file.

235 Sixotanaka the Sneak (level 6, -1/39 HPs)
             Began as an Octopode Assassin on Dec 24, 2015.
             Was an Initiate of Gozag.
             Killed by nerve-wracking pain
             ... invoked by an orc priest
              (13 damage)
             ... on level 3 of the Dungeon.
             The game lasted 00:05:14 (2442 turns).

Sixotanaka the Sneak (Octopode Assassin)            Turns: 2442, Time: 00:05:14

Health: -1/39      AC:  1    Str: 10    XL:     6   Next: 5%
Magic:  6/6        EV: 12    Int: 14    God:    Gozag
Gold:   252        SH:  0    Dex: 15    Spells: 0 memorised, 5 levels left

rFire  . . .     SeeInvis .     s - +1 short sword (drain)
rCold  . . .     Gourm    .     (no shield)
rNeg   . . .     Faith    .     (helmet restricted)
rPois  .         Spirit   .     (no amulet)
rElec  .         Dismiss  .     (no ring)
rCorr  .         Reflect  .     (no ring)
SustAt .         Harm     .     (no ring)
MR     .....                    (no ring)
Stlth  +++++.....               (no ring)
                                (no ring)
                                (no ring)
                                (no ring)

@: not resistant to hostile enchantments, quite stealthy
A: almost no armour, amphibious, 8 rings, constrict 8, camouflage 1, gelatinous
body 1
a: Potion Petition, Call Merchant, Bribe Branch, Renounce Religion


You were on level 3 of the Dungeon.
You worshipped Gozag.
Gozag was noncommittal.
You were not hungry.

You visited 1 branch of the dungeon, and saw 3 of its levels.

You collected 305 gold pieces.
You paid 53 gold pieces to Gozag.


Innate Abilities, Weirdness & Mutations

You cannot wear most types of armour.
You are amphibious.
You can wear up to eight rings at the same time.
You can use your tentacles to constrict eight enemies at once.
Your skin changes colour to match your surroundings (Stealth).
Your rubbery body absorbs attacks (AC +1).


   Skills:
 - Level 2.0 Fighting
 * Level 5.1 Short Blades
 - Level 2.0 Throwing
 - Level 1.0 Dodging
 + Level 7.1 Stealth


You had 5 spell levels left.
You didn't know any spells.

Dungeon Overview and Level Annotations

Branches:
Dungeon (3/15)

Altars:
Cheibriados
Gozag
Sif Muna
Xom

Inventory:

Hand Weapons
 a - a +2 dagger
 b - a +0 blowgun
 s - a +1 short sword of draining (weapon)
   (You took it off a kobold on level 3 of the Dungeon)
Missiles
 c - 8 poisoned needles
 d - 2 curare-tipped needles
Jewellery
 l - an uncursed ring of ice
Scrolls
 i - 2 scrolls of remove curse {@r2}
 j - 2 scrolls of recharging
 k - 2 scrolls of identify {unknown}
 n - a scroll of magic mapping {unknown}
 p - a scroll of noise {unknown}
 u - 3 scrolls of enchant armour
Potions
 e - a potion of brilliance {unknown}
 g - a potion of lignification {unknown}
 m - a potion of might {unknown}
 o - a potion of magic {unknown}
 q - a potion of poison {unknown}
 r - a potion of mutation {unknown}
 t - 2 potions of haste {unknown}
 v - 2 potions of curing {unknown}
 w - a potion of heal wounds {unknown}
Comestibles
 f - 3 bread rations
 h - 4 fruits

.# #. .#..
####.#.###
..#......
.........
##........ $
#.........
#o........
#@######## # #$# #
#.# #.### #.#
#>... #.# #.###
#.# ####.###
#.#########.......
#........##.##....
########.##.##..##


You could see an orc priest.


Message History

The orc shouts! x2
The orc moves out of view.
The orc shouts!
You hit the orc. You drain the orc! You grab the orc.
You constrict the orc, but do no damage.
The orc closely misses you.
You hit the orc but do no damage. You drain the orc!
You kill the orc!
The orc closely misses you.
Things that are here:
6 gold pieces; a mace of draining; a chain mail You closely miss the orc.
You grab the orc.
You constrict the orc, but do no damage.
The orc barely misses you.
You hit the orc but do no damage. You drain the orc!
You constrict the orc, but do no damage.
The orc priest shouts!
You hit the orc but do no damage.
You constrict the orc, but do no damage.
The orc hits you with a short sword.
The orc shouts!
You hit the orc but do no damage. You constrict the orc. The orc misses you.
You puncture the orc!
You kill the orc!
You barely miss the orc. Your grab misses the orc.
The orc hits you with a morningstar!
You hit the orc. You grab the orc.
You constrict the orc, but do no damage.
The orc hits you with a morningstar.
You hit the orc. You constrict the orc. You hit the orc but do no damage.
You constrict the orc.
You kill the orc!
The orc is distracted by the nearby gold.
The orc is no longer distracted by gold.
The orc hits you with a club.
* * * LOW HITPOINT WARNING * * *
Items here: $ )) [[ 14 gold pieces; a morningstar; a leather armour; a short sword; a scale mail You closely miss the orc.
The orc priest shouts!
Your grab misses the orc.
The orc priest is no longer distracted by gold.
The orc hits you with a club!
* * * LOW HITPOINT WARNING * * *
Things that are here:
6 gold pieces; a mace of draining; a chain mail You hit the orc.
Your grab misses the orc. Your squeeze misses the orc.
The orc closely misses you.
You hit the orc. You drain the orc! Your grab misses the orc.
You squeeze the orc.
You kill the orc!
The orc priest is distracted by the nearby gold.
Items here: $ ))) [[ The orc priest shouts!
You hit the orc priest but do no damage.
The orc priest is no longer distracted by gold.
You grab the orc priest.
You constrict the orc priest, but do no damage.
You hit the orc priest but do no damage.
You constrict the orc priest. The orc priest misses you.
You hit the orc priest but do no damage.
You drain the orc priest!
You squeeze the orc priest, but do no damage.
You constrict the orc priest. The orc priest completely misses you.
You hit the orc priest but do no damage.
You constrict the orc priest.
The orc priest calls down the wrath of Beogh upon you.
Pain shoots through your body!
You die...
Your body crumbles into a pile of gold.

Action                   |  1- 3 |  4- 6 || total
-------------------------+-------+-------++-------
Melee: Dagger            |    53 |    19 ||    72
       Short sword       |       |    68 ||    68
  Use: Scroll            |     3 |       ||     3
 Stab: Sleeping          |     9 |     6 ||    15
       Distracted        |       |     3 ||     3
  Eat: Chunk             |     1 |     1 ||     2
       Beef jerky        |       |     2 ||     2

Vault maps used:
D:1:      minmay_arrival_plants_in_alcoves, corexii_item_surrounded_by_moat
D:2:      old_standard_altar, lemuel_blue_sif_altar
D:3:      xom_redecorated, grunt_gozag_statues

Notes
Turn   | Place    | Note
--------------------------------------------------------------
     0 | D:1      | Sixotanaka the Octopode Assassin began the quest for the Orb.
     0 | D:1      | Reached XP level 1. HP: 14/14 MP: 1/1
   155 | D:1      | Reached XP level 2. HP: 19/19 MP: 2/2
   821 | D:2      | Found a snail-covered altar of Cheibriados.
   912 | D:2      | Reached skill level 3 in Short Blades
   912 | D:2      | Reached XP level 3. HP: 24/24 MP: 3/3
   928 | D:2      | Found a deep blue altar of Sif Muna.
  1139 | D:3      | HP: 5/24 [gnoll (3)]
  1140 | D:3      | Reached skill level 6 in Stealth
  1140 | D:3      | Reached XP level 4. HP: 6/29 MP: 4/4
  1441 | D:3      | Found an opulent altar of Gozag.
  1461 | D:3      | Reached skill level 4 in Short Blades
  1474 | D:3      | Became a worshipper of Gozag Ym Sagoz the Greedy
  1750 | D:3      | Reached XP level 5. HP: 19/34 MP: 5/5
  2176 | D:3      | Found a shimmering altar of Xom.
  2177 | D:3      | Found a shimmering altar of Xom.
  2179 | D:3      | Found a shimmering altar of Xom.
  2179 | D:3      | Found a shimmering altar of Xom.
  2180 | D:3      | Found a shimmering altar of Xom.
  2290 | D:3      | Reached skill level 5 in Short Blades
  2290 | D:3      | Reached skill level 7 in Stealth
  2290 | D:3      | Reached XP level 6. HP: 34/39 MP: 6/6
  2442 | D:3      | Killed from afar by an orc priest

Vanquished Creatures
  2 orc priests (D:3)
  2 orc wizards (D:3)
  An adder (D:2)
  3 gnolls (D:3)
  2 worms
  A giant gecko (D:3)
  19 orcs (D:3)
  2 ball pythons
  A giant cockroach (D:2)
  3 hobgoblins
  5 jackals
  4 kobolds
  2 quokkas
  5 bats
  A giant newt (D:1)
  5 goblins
  3 rats
61 creatures vanquished.
